 Dungeon Sprint DCSS version 0.30-a0-310-g7d6cbdfea6 (webtiles) character file.

Game seed: 14098086809560706579

5975 garrulousMonolith the Ninja (level 10, -1/44 HPs)
             Began as a Spriggan Enchanter on Oct 24, 2022.
             Was an Initiate of Gozag.
             Killed from afar by a gargoyle (18 damage)
             ... with a stone arrow
             ... in the Dungeon (Sprint I: "Red Sonja").
             The game lasted 00:09:52 (1123 turns).

garrulousMonolith the Ninja (Spriggan Enchanter)    Turns: 1123, Time: 00:09:53

Health: -1/44      AC:  4    Str:  4    XL:     10   Next: 55%
Magic:  6/25       EV: 17    Int: 19    God:    Gozag
Gold:   1409       SH:  0    Dex: 18    Spells: 14/29 levels left

rFire   . . .      SeeInvis +    a - +1 dagger
rCold   + . .      Faith    .    (no shield)
rNeg    . . .      Spirit   .    o - +2 robe {rC+}
rPois   .          Reflect  .    (helmet restricted)
rElec   .          Harm     .    (no cloak)
rCorr   .          Rampage  .    (gloves unavailable)
Will    +....      NoTele   +    (boots unavailable)
Stlth   ++++++++++               (no amulet)
HPRegen 0.27/turn                (no ring)
MPRegen 0.19/turn                (no ring)

@: gold aura, very quick
A: very small, no large weapons, unfitting armour, see invisible, speed 3
a: Renounce Religion, Potion Petition, Call Merchant, Bribe Branch


You were in the Dungeon.
You worshipped Gozag.
Gozag was most pleased with you.
You visited 1 branch You collected 2825 gold pieces.
You spent 602 gold pieces at shops.
You paid 814 gold pieces to Gozag.

Inventory:

Hand Weapons
 a - a +1 dagger (weapon)
 h - the +9 sword of Zonguldrok {reap}
   (You found it in the Dungeon)

   Any living foe damaged by it may be reanimated upon death as a zombie
   friendly to the wielder, with an increasing chance as more damage is dealt.
 l - a +2 short sword of venom
Missiles
 m - 2 curare-tipped darts (quivered)
Armour
 o - a +2 robe of cold resistance (worn)
Jewellery
 j - a ring of fire
Scrolls
 b - a scroll of identify {unknown}
 k - a scroll of enchant armour {unknown}
 n - a scroll of fear {unknown}
Potions
 d - 3 potions of curing
 f - a potion of haste
 g - a potion of magic


   Skills:
 - Level 10.0 Short Blades
 - Level 2.6 Dodging
 O Level 27 Stealth
 + Level 10.3 Spellcasting
 - Level 4.0 Conjurations
 * Level 14.1 Hexes


You had 14 spell levels left.
You knew the following spells:

 Your Spells              Type           Power      Damage    Failure   Level
a - Ensorcelled Hibernat  Hex/Ice        72%        N/A       1%          2
b - Confusing Touch       Hex            59%        N/A       1%          3
c - Dazzling Flash        Conj/Hex       88%        N/A       1%          3
d - Tukima's Dance        Hex            59%        N/A       1%          3
e - Magic Dart            Conj           96%        1d7       1%          1
f - Mephitic Cloud        Conj/Pois/Air  14%        N/A       13%         3

Your spell library contained the following spells:

 Spells                   Type           Power      Damage    Failure   Level
 Call Imp                 Summ           9%         N/A       11%         2
 Haunt                    Necr/Summ      4%         N/A       100%        7
 Infestation              Necr           4%         N/A       100%        8
 Animate Dead             Necr           Unusable   N/A       N/A         4

Dungeon Overview and Level Annotations

Branches:
Dungeon (1/1)

Altars:
Cheibriados
Dithmenos
Elyvilon
Fedhas
Gozag
Hepliaklqana
Kikubaaqudgha
Makhleb
Nemelex Xobeh
Okawaru
Qazlal
Ru
Sif Muna
Trog
Uskayaw
Vehumet
Wu Jian
Xom
Yredelemnul
Zin
The Shining One
Jiyva
Lugonu

Shops:
D ![?(=?[?**:((*?*[:

Annotations:
D exclusion: 4 doors


Innate Abilities, Weirdness & Mutations

You are very small and have problems with some larger weapons.
You are too small for most types of armour.
You have supernaturally acute eyesight. (SInv)
You cover ground extremely quickly. (Speed+++)


Message History

The demonic crawler is dazzled.
You hit the demonic crawler.
The demonic crawler is lightly wounded.
The demonic crawler barely misses you. x2
The demonic crawler hits you but does no damage.
You catch the helpless demonic crawler completely off-guard!
You spit the demonic crawler like a pig!!!
You kill the demonic crawler!
The demonic crawler shrieks in warning!
Your Spellcasting skill increases to level 10!
There is an open door here.
Casting: Dazzling Flash (safe; 1% risk of failure)
Confirm with . or Enter, or press ? or * to list all spells.
Casting: Dazzling Flash (safe; 1% risk of failure)
Press: ? - help, Dir - look around, f - activate The demonic crawler is dazzled.
The demonic crawler shrieks in warning!
You hit the demonic crawler but do no damage.
The demonic crawler is almost dead.
You hit the demonic crawler.
The demonic crawler is almost dead.
The demonic crawler shrieks in warning! x2
You catch the helpless demonic crawler completely off-guard!
You skewer the demonic crawler like a kebab!!!
You kill the demonic crawler!
Your Hexes skill increases to level 14!
Casting: Dazzling Flash (safe; 1% risk of failure)
Confirm with . or Enter, or press ? or * to list all spells.
Casting: Dazzling Flash (safe; 1% risk of failure)
Press: ? - help, Dir - look around, f - activate The demonic crawler is dazzled.
The demonic crawler shrieks in warning!
The gargoyle hurls a stone arrow at you.
The stone arrow hits you!!
* * * LOW HITPOINT WARNING * * *
You feel better.
The gargoyle hurls a stone arrow at you.
The stone arrow hits you!!
You die...
Your body crumbles into a pile of gold.

##########################
#<.#.)'..#.['..#_s#..'...# $$
#..'..#.)'..#..@$9s..#...##+#$
#..#####'#####'#__####..9ss.#$
#..####..#...#.####.(#####..+$
#..#__####..##.#§§~§.#..# +##
#..#_____##'#_.+~§§..'..#
#⌠⌠#_.∩...'..._#~~~§)#..#
####_..__##_.#'##'#####)###
$$#_____###'#.#(...###.'.#
############.####'###[###.#


You could see 2 demonic crawlers and a gargoyle.

Vanquished Creatures
  2 centaur warriors (D)
  Sonja (D)
  A deep troll (D)
  An oklob plant (D)
  2 unseen horrors (D)
  2 kobold demonologists (D)
  2 demonic crawlers (D)
  A hornet (D)
  A slime creature (D)
  Sigmund (D)
  A yak (D)
  2 redbacks (D)
  2 floating eyes (D)
  An ogre (D)
  7 necrophages (D)
  8 jellies (D)
  Ijyb (D)
  2 ballistomycete spores (D)
38 creatures vanquished.

Notes
Turn   | Place    | Note
-------+----------+-------------------------------------------
     0 | D        | garrulousMonolith the Spriggan Enchanter began the quest
                  | for the Orb.
     0 | D        | Reached XP level 1. HP: 9/9 MP: 5/5
     2 | D        | Noticed Ijyb
    10 | D        | Killed Ijyb
    11 | D        | Reached skill level 10 in Stealth
    11 | D        | Reached XP level 2. HP: 13/13 MP: 6/6
    64 | D        | Noticed an ogre
    66 | D        | Killed an ogre
    67 | D        | Reached skill level 14 in Stealth
    67 | D        | Reached XP level 3. HP: 16/16 MP: 8/8
    67 | D        | Reached XP level 4. HP: 21/21 MP: 9/9
    78 | D        | Learned a level 2 spell: Ensorcelled Hibernation
    82 | D        | Learned a level 3 spell: Confusing Touch
    86 | D        | Learned a level 3 spell: Dazzling Flash
    90 | D        | Noticed Sigmund
    92 | D        | Killed Sigmund
    93 | D        | Reached skill level 18 in Stealth
    93 | D        | Reached XP level 5. HP: 24/24 MP: 10/10
   104 | D        | Found a shimmering blue altar of Sif Muna.
   105 | D        | Found an ornate altar of the Wu Jian Council.
   106 | D        | Found a radiant altar of Vehumet.
   111 | D        | Reached skill level 19 in Stealth
   111 | D        | Reached XP level 6. HP: 28/28 MP: 11/11
   131 | D        | Found Fageuf's Antique Armour Emporium.
   131 | D        | Found an ancient bone altar of Kikubaaqudgha.
   131 | D        | Found a hazy altar of Hepliaklqana.
   131 | D        | Found a hide-covered altar of Uskayaw.
   131 | D        | Found a basalt altar of Yredelemnul.
   131 | D        | Found an opulent altar of Gozag.
   131 | D        | Found a snail-covered altar of Cheibriados.
   131 | D        | Found a sacrificial altar of Ru.
   131 | D        | Found a shadowy altar of Dithmenos.
   131 | D        | Noticed a yak
   132 | D        | Found a stormy altar of Qazlal.
   132 | D        | Found a blossoming altar of Fedhas.
   132 | D        | Found a bloodstained altar of Trog.
   132 | D        | Found an iron altar of Okawaru.
   132 | D        | Found a glowing golden altar of the Shining One.
   132 | D        | Found a glowing silver altar of Zin.
   132 | D        | Found a white marble altar of Elyvilon.
   133 | D        | Killed a yak
   134 | D        | Reached skill level 21 in Stealth
   134 | D        | Found a sparkling altar of Nemelex Xobeh.
   137 | D        | Became a worshipper of Gozag Ym Sagoz the Greedy
   153 | D        | Found a burning altar of Makhleb.
   153 | D        | Found a viscous altar of Jiyva.
   153 | D        | Found a shimmering altar of Xom.
   153 | D        | Found a corrupted altar of Lugonu.
   153 | D        | Noticed a slime creature
   156 | D        | Killed a slime creature
   157 | D        | Reached skill level 22 in Stealth
   157 | D        | Reached XP level 7. HP: 32/32 MP: 12/12
   180 | D        | Noticed Sonja
   184 | D        | Killed Sonja
   185 | D        | Reached skill level 26 in Stealth
   185 | D        | Reached XP level 8. HP: 36/36 MP: 13/13
   238 | D        | Noticed a deep troll
   242 | D        | Killed a deep troll
   243 | D        | Reached skill level 27 in Stealth
   243 | D        | Reached skill level 5 in Short Blades
   253 | D        | Found Wuriora's Armour Emporium.
   257 | D        | Bought a +2 robe of cold resistance for 194 gold pieces
   292 | D        | Found Neohixt's Distillery.
   300 | D        | Bought a potion of heal wounds for 60 gold pieces
   300 | D        | Bought a potion of heal wounds for 60 gold pieces
   300 | D        | Bought a potion of flight for 36 gold pieces
   320 | D        | Learned a level 3 spell: Tukima's Dance
   328 | D        | Noticed a kobold demonologist
   329 | D        | Noticed a kobold demonologist
   346 | D        | Noticed an ice devil
   356 | D        | Killed a kobold demonologist
   357 | D        | Reached XP level 9. HP: 35/39 MP: 14/14
   360 | D        | Killed a kobold demonologist
   361 | D        | Reached skill level 10 in Short Blades
   416 | D        | Noticed a centaur warrior
   416 | D        | Noticed a centaur warrior
   421 | D        | Killed a centaur warrior
   422 | D        | Reached skill level 5 in Spellcasting
   424 | D        | Noticed an oklob plant
   429 | D        | Killed a centaur warrior
   434 | D        | Killed an oklob plant
   435 | D        | Reached skill level 10 in Hexes
   435 | D        | Reached XP level 10. HP: 24/44 MP: 15/22
   615 | D        | Found the +9 sword of Zonguldrok {reap}
   929 | D        | Found Riskaer's Jewellery Shoppe.
   929 | D        | Found Cikh's Magic Scroll Shop.
   929 | D        | Found Roper's Magic Scroll Boutique.
   931 | D        | Found Piocsol's Armour Emporium.
   931 | D        | Found Xaant's Magic Scroll Shop.
   931 | D        | Found Eromis's General Store.
   931 | D        | Found Evum's Assorted Antiques.
   931 | D        | Found Gewimos's Book Emporium.
   931 | D        | Found Zozowew's Weapon Shop.
   931 | D        | Found Zureduh's Weapon Shoppe.
   934 | D        | Found Kianneva's Assorted Antiques.
   935 | D        | Found Hotted Boli's Assorted Antiques.
   935 | D        | Found Xidejeg's Magic Scroll Boutique.
   936 | D        | Found Amycann's Book Emporium.
   944 | D        | Bought a book of Minor Magic for 252 gold pieces
   982 | D        | Learned a level 1 spell: Magic Dart
   986 | D        | Learned a level 3 spell: Mephitic Cloud
  1106 | D        | Noticed a gargoyle
  1116 | D        | Reached skill level 10 in Spellcasting
  1123 | D        | Killed from afar by a gargoyle

Illustrated notes

Levels and vault maps discovered:
D:        dungeon_sprint_1 [red_sonja_temple_1, red_sonja_temple_small_1]

Skill      XL: |  1  2  3  4  5  6  7  8  9 10 |
---------------+-------------------------------+-----
Stealth        | 10 14 18 19 22 26 27 | 27.0
Short Blades   | 8 10 | 10.0
Spellcasting   | 7 10 | 10.3
Conjurations   | 4 |  4.0
Hexes          | 10 14 | 14.1
Dodging        | |  2.6

Action                   |  1- 3 |  4- 6 |  7- 9 | 10-12 || total
-------------------------+-------+-------+-------+-------++-------
Melee: Dagger            |     7 |     4 |     1 |     6 ||    18
       Short sword       |       |       |    20 |    51 ||    71
 Cast: Ensorcelled Hiber |       |       |     5 |    10 ||    15
       Dazzling Flash    |       |       |       |     7 ||     7
       Confusing Touch   |       |       |       |     6 ||     6
Invok: Potion Petition   |       |       |       |     1 ||     1
       Call Merchant     |       |       |       |     1 ||     1
Evoke: Wand              |       |       |     6 |       ||     6
  Use: Potion            |     1 |       |     5 |     3 ||     9
       Scroll            |       |       |     1 |     1 ||     2
 Stab: Sleeping          |     2 |     4 |     4 |    12 ||    22
       Invisible         |       |       |     8 |     3 ||    11
       Confused          |       |       |       |     6 ||     6
       Distracted        |       |       |       |     1 ||     1
Armor: Robe              |     1 |       |     1 |     5 ||     7
Dodge: Dodged            |     3 |       |    11 |    42 ||    56

Table legend: (Time is in decaauts)
 A = Elapsed time spent in this place.
 B = Non-inter-level travel time spent in this place.
 C = Inter-level travel time spent in this place.
 D = Time resting spent in this place.
 E = Time spent auto-exploring this place.
 F = Levels seen in this place.
 G = Mean time per level.
                   A        B        C        D        E       F      G
               +--------+--------+--------+--------+--------+-----+--------+
         Total |    895 |    895 |      0 |    350 |      0 |   1 |  895.0 |
       Dungeon |    895 |    895 |      0 |    350 |      0 |   1 |  895.0 |
               +--------+--------+--------+--------+--------+-----+--------+

Top non-repeatable levels by time:
       D: 895 daAuts
